 Dungeon Crawl Stone Soup version bcrawl-1.37.2 (webtiles) character file.

Game seed: 5462817519820844001

278015 Mehrunes the Nimble (level 11, -4/68 HPs)
             Began as a Human Fire Elementalist on Oct 29, 2022.
             Was an Elder of Sif Muna.
             Slain by a basilisk (15 damage)
             ... on level 7 of the Dungeon on Oct 30, 2022.
             The game lasted 00:29:11 (10030 turns).

Mehrunes the Nimble (Human Fire Elementalist)      Turns: 10030, Time: 00:29:12

Health: -4/68      AC:  7    Str: 10    XL:     11   Next: 7%
Magic:  7/18       EV: 17    Int: 18    God:    Sif Muna [****..]
Gold:   442        SH:  0    Dex: 13    Spells: 4/20 levels left

rFire    . . .     GDR:     25% t - +1 whip (freeze)
rCold    . . .     SeeInvis .   (no shield)
rNeg     . . .     Gourm    .   a - +0 robe
rPois    +         Faith    .   f - +1 helmet
rElec    .         Spirit   .   b - +2 cloak {rPois}
rCorr    .         Reflect  .   (no gloves)
MR       .....                  (no boots)
Stlth    ++........             (no amulet)
HPRegen  0.21/turn              (no ring)
MPRegen  0.16/turn              (no ring)

@: no status effects
A: no striking features
a: Divine Energy, Channel Magic, Forget Spell, Renounce Religion


You were on level 7 of the Dungeon.
You worshipped Sif Muna.
Sif Muna was greatly pleased with you.
You were not hungry.

You visited 3 branches of the dungeon, and saw 9 of its levels.

You collected 442 gold pieces.

Inventory:

Hand Weapons
 c - a +0 falchion
 r - a +4 quarterstaff of chaos
 t - a +1 whip of freezing (weapon)
 w - a +0 glaive of venom
Missiles
 d - 768 stones (quivered)
Armour
 a - a +0 robe (worn)
 b - a +2 cloak of poison resistance (worn)
 f - a +1 helmet (worn)
Jewellery
 l - an uncursed ring of protection from fire {unknown}
 A - an uncursed ring of wizardry {unknown}
Scrolls
 i - 4 scrolls of identify
 m - 5 scrolls of remove curse
 o - 4 scrolls of teleportation
 p - 2 scrolls of immolation
 q - a scroll of magic mapping
 s - a scroll of fear
 u - a scroll of enchant weapon
 x - 4 scrolls of amnesia
 y - a scroll of fog {unknown}
Potions
 g - 2 potions of brilliance
 h - a potion of cancellation {unknown}
 j - a potion of berserk rage
 k - 2 potions of flight
 n - 2 potions of might
 v - a potion of magic
 z - a potion of curing {unknown}
 C - a potion of degeneration {unknown}
Comestibles
 e - 7 rations {!d}


   Skills:
 - Level 10.0 Dodging
 - Level 2.4 Stealth
 - Level 5.0 Spellcasting
 + Level 9.3 Conjurations
 + Level 9.3 Fire Magic
 - Level 4.0 Earth Magic


You had 4 spell levels left.
You knew the following spells:

 Your Spells              Type           Power        Failure   Level  Hunger
a - Flame Tongue          Conj/Fire      #####        1%          1    None
b - Conjure Flame         Conj/Fire      #####...     1%          3    ###....
c - Sticky Flame          Conj/Fire      #####...     3%          4    #####..
d - Fireball              Conj/Fire      #####.....   9%          5    ######.
e - Stone Arrow           Conj/Erth      ####..       2%          3    ###....

Your spell library contained the following spells:

 Spells                   Type           Power        Failure   Level  Hunger
 Magic Dart               Conj           ####         1%          1    None
 Searing Ray              Conj           #####...     1%          2    None
 Iskenderun's Mystic Bla  Conj           #####...     1%          3    ###....
 Sandblast                Erth           ###...       2%          1    None
 Flaming Arrows           Chrm/Fire      ###.....     3%          2    None
 Inner Flame              Hex/Fire       N/A          6%          3    ###....
 Apportation              Tloc           #.....       13%         1    None
 Corona                   Hex            #......      13%         1    None
 Infusion                 Chrm           #.......     13%         1    None
 Slow                     Hex            #.......     13%         1    None
 Summon Butterflies       Summ           #.......     13%         1    None
 Corpse Rot               Necr           N/A          21%         2    None
 Sublimation of Blood     Necr           #.........   21%         2    None
 Agony                    Necr           #.......     78%         4    #####..
 Bolt of Draining         Conj/Necr      ###.......   50%         5    ######.
 Borgnjor's Vile Clutch   Necr/Erth      ##........   100%        6    #######


Dungeon Overview and Level Annotations

Branches:
Dungeon (7/12)             Temple (1/1) D:5            Lair (1/6) D:7

Altars:
Cheibriados
Elyvilon
Fedhas
Gozag
Hepliaklqana
Kikubaaqudgha
Lugonu
Makhleb
Nemelex Xobeh
Okawaru
Qazlal
Ru
Sif Muna
Trog
Uskayaw
Vehumet
Wu Jian
Xom
Yredelemnul
Zin
The Shining One

Shops:
D:5 (

Annotations:
D:2 Sigmund


Message History

The basilisk gazes at you. You resist with some effort.
The basilisk bites you! x2
The basilisk bites you. The basilisk bites you!
* * * LOW HITPOINT WARNING * * *
You turn to flesh and can move again.
There is a staircase to the Lair here. (Use "xv" to examine it for information about this branch.)
Press: ? - help, v - describe, . - travel, g - get item
Here: a basilisk (heavily wounded)
You see here a water moccasin skeleton.
You hit the basilisk. You freeze the basilisk.
The basilisk is heavily wounded.
The basilisk bites you!
* * * LOW HITPOINT WARNING * * *
You closely miss the basilisk.
The basilisk is heavily wounded.
The basilisk bites you!
You die...

.#
#.####...###.............#####
.###........###.#...........#
...#####....#...............#
...# #...P..P.P....########
...#####.#.P.P.P......#
.<.......#.P..P..PP.PP##
...#####....PPPP.P.P...# ...#
#......####P.P.P## ...#
#..PP.P#.@#......# ####
#..P...#.l#P.....#
##..P..#'##.P.PP.#########
#...P...P.P..............
##...P........###########
###....P^P.P...# #...
#.......PPP...># #.##
#.##...........# #...
#.##...........# ####


You could see a basilisk.

Vanquished Creatures
  A hydra (Lair:1)
  Pikel (D:4)
  An eye of draining (D:7)
  A troll (D:7)
  3 hippogriffs
  Grinder (D:5)
  3 yaks (Lair:1)
  A hungry ghost (D:4)
  Menkaure (D:4)
  2 crocodiles
  3 water moccasins
  A porcupine (D:7)
  A black bear (D:7)
  An orc warrior (D:7)
  A sky beast (D:5)
  2 slaves (D:4)
  An ogre (D:5)
  A phantom (D:7)
  A hornet zombie (D:7)
  5 bullfrogs
  A kobold brigand (D:7)
  Blork the orc (D:4)
  2 centaurs (D:6)
  A scorpion (D:5)
  5 wights
  An orc priest (D:6)
  A bullfrog zombie (D:6)
  3 hounds
  4 jellies
  Crazy Yiuf (D:2)
  A bullfrog skeleton (D:6)
  An iguana (D:7)
  An orc wizard (D:6)
  Natasha (thrice) (D:4)
  4 worker ants (D:6)
  Robin (D:2)
  A howler monkey skeleton (D:6)
  9 adders
  4 gnolls (D:6)
  An ooze (D:7)
  An adder zombie (D:7)
  An adder skeleton (D:5)
  4 worms
  A dart slug (D:4)
  4 leopard geckos
  9 orcs
  8 bats
  5 giant cockroaches
  13 goblins
  11 hobgoblins
  8 jackals
  6 quokkas
  A ball python (D:1)
  2 frilled lizards
  8 kobolds
  7 rats
167 creatures vanquished.

Vanquished Creatures (others)
  2 fungi
  3 plants (Lair:1)
5 creatures vanquished.

Grand Total: 172 creatures vanquished

Notes
Turn   | Place    | Note
-------+----------+-------------------------------------------
     0 | D:1      | Mehrunes the Human Fire Elementalist began the quest for
                  | the Orb.
     0 | D:1      | Reached XP level 1. HP: 13/13 MP: 3/3
   192 | D:1      | Reached XP level 2. HP: 19/19 MP: 1/5
   687 | D:1      | Reached XP level 3. HP: 24/24 MP: 4/6
   780 | D:1      | Learned a level 3 spell: Conjure Flame
  1041 | D:2      | Noticed Robin
  1041 | D:2      | Noticed Sigmund
  1382 | D:2      | Reached XP level 4. HP: 30/30 MP: 4/7
  2025 | D:3      | Reached XP level 5. HP: 35/35 MP: 4/9
  2376 | D:3      | Learned a level 4 spell: Sticky Flame
  2681 | D:4      | Noticed a hungry ghost
  2699 | D:4      | Killed a hungry ghost
  2700 | D:4      | Reached skill level 5 in Fire Magic
  2700 | D:4      | Reached XP level 6. HP: 36/41 MP: 2/11
  2841 | D:4      | Noticed Menkaure
  3127 | D:2      | Killed Robin
  3760 | D:2      | Found a runed door.
  3764 | D:2      | Noticed Crazy Yiuf
  3772 | D:2      | Killed Crazy Yiuf
  3900 | D:4      | Killed Menkaure
  3901 | D:4      | Reached XP level 7. HP: 25/46 MP: 6/13
  4188 | D:4      | Noticed Natasha
  4192 | D:4      | Killed Natasha
  4213 | D:4      | Noticed Pikel
  4324 | D:4      | Killed Pikel
  4325 | D:4      | Reached skill level 5 in Spellcasting
  4325 | D:4      | Reached skill level 3 in Dodging
  4325 | D:4      | Reached XP level 8. HP: 23/52 MP: 2/15
  4576 | D:4      | Noticed Blork the orc
  4578 | D:4      | Noticed Natasha
  4585 | D:4      | Killed Blork the orc
  4586 | D:4      | Reached skill level 4 in Dodging
  4589 | D:4      | Killed Natasha
  4907 | D:4      | Noticed Natasha
  4913 | D:4      | Killed Natasha
  4941 | D:5      | Entered Level 5 of the Dungeon
  4941 | D:5      | Noticed Grinder
  5064 | D:5      | Found a staircase to the Ecumenical Temple.
  5072 | Temple   | Entered the Ecumenical Temple
  5290 | Temple   | Became a worshipper of Sif Muna the Loreminder
  5374 | D:5      | Found Plog's Antique Weapon Shop.
  5449 | D:5      | Reached skill level 5 in Dodging
  5728 | D:5      | Reached skill level 6 in Dodging
  5794 | D:5      | Reached XP level 9. HP: 57/57 MP: 7/16
  5950 | D:5      | Killed Grinder
  5951 | D:5      | Reached skill level 7 in Dodging
  6065 | D:6      | Noticed a hippogriff
  6102 | D:6      | Noticed a hippogriff
  6156 | D:6      | Reached skill level 8 in Dodging
  6316 | D:5      | Killed a hippogriff
  6317 | D:5      | Reached skill level 9 in Dodging
  6727 | D:5      | Killed a hippogriff
  6728 | D:5      | Reached skill level 10 in Dodging
  6792 | D:6      | Noticed a brown ugly thing
  6793 | D:6      | Noticed a red ugly thing
  6796 | D:6      | Reached * piety under Sif Muna
  6890 | D:6      | Identified Sif Muna's Guide on Attacks (Sif Muna gifted it
                  | to you on level 6 of the Dungeon)
  6890 | D:6      | Received a gift from Sif Muna
  6902 | D:6      | Reached XP level 10. HP: 62/63 MP: 5/17
  7097 | D:6      | Found an iron altar of Okawaru.
  7765 | D:6      | Learned a level 5 spell: Fireball
  7769 | D:6      | Learned a level 3 spell: Stone Arrow
  7806 | D:7      | Noticed an eye of draining
  7835 | D:7      | Reached ** piety under Sif Muna
  7902 | D:7      | Killed an eye of draining
  8136 | D:7      | Reached skill level 1 in Earth Magic
  8897 | D:7      | Found a staircase to the Lair.
  8938 | D:7      | Reached *** piety under Sif Muna
  9406 | Lair:1   | Entered Level 1 of the Lair of Beasts
  9582 | Lair:1   | Noticed an eight-headed hydra
  9608 | Lair:1   | Killed an eight-headed hydra
  9609 | Lair:1   | Received a gift from Sif Muna
  9973 | Lair:1   | Reached **** piety under Sif Muna
  9973 | Lair:1   | Reached XP level 11. HP: 49/68 MP: 10/18
 10030 | D:7      | Slain by a basilisk

Skill      XL: |  1  2  3  4  5  6  7  8  9 10 |
---------------+-------------------------------+-----
Conjurations   | 2 3 4 6 9 |  9.3
Fire Magic     | 4 5 6 9 |  9.3
Spellcasting   | 3 4 5 |  5.0
Dodging        | 3 6 10 | 10.0
Earth Magic    | 4 |  4.0
Stealth        | |  2.4

Action                   |  1- 3 |  4- 6 |  7- 9 | 10-12 || total
-------------------------+-------+-------+-------+-------++-------
Melee: Falchion          |       |    42 |       |       ||    42
       Quarterstaff      |       |       |     6 |     4 ||    10
       Whip              |       |       |       |     6 ||     6
Throw: Stone             |     2 |       |       |       ||     2
 Cast: Flame Tongue      |    62 |    97 |   159 |    78 ||   396
       Conjure Flame     |       |     6 |     6 |    11 ||    23
       Sticky Flame      |       |       |    18 |    14 ||    32
       Stone Arrow       |       |       |       |    21 ||    21
Invok: Divine Energy     |       |       |     5 |     2 ||     7
Evoke: Wand              |     4 |       |       |       ||     4
  Use: Scroll            |       |     4 |       |    14 ||    18
       Potion            |       |       |       |     1 ||     1
  Eat: Chunk             |     2 |    14 |    15 |    11 ||    42
       Ration            |       |       |     1 |     2 ||     3
Armor: Robe              |    10 |    16 |    15 |    13 ||    54
Dodge: Dodged            |    22 |    60 |    79 |    39 ||   200
